 Dungeon Crawl Stone Soup version 0.30-a0-618-gd6c86c23d0 (webtiles) character file.

Game seed: 6496683361701424120

110 greasedhog the Sneak (level 4, -1/23 HPs)
             Began as a Spriggan Fighter on Jan 9, 2023.
             Slain by Grinder (8 damage)
             ... on level 3 of the Dungeon.
             The game lasted 00:04:57 (2299 turns).

greasedhog the Sneak (Spriggan Fighter)             Turns: 2299, Time: 00:04:58

Health: -1/23      AC:  3    Str: 12    XL:     4   Next: 61%
Magic:  5/5        EV: 17    Int:  9    God:
Gold:   172        SH:  4    Dex: 16    Spells: 3/3 levels left

rFire   . . .      SeeInvis +    a - +0 rapier
rCold   . . .      Faith    .    c - +0 buckler
rNeg    . . .      Spirit   .    b - +0 robe
rPois   .          Reflect  .    (helmet restricted)
rElec   .          Harm     .    f - +0 cloak
rCorr   .          Rampage  .    (gloves unavailable)
Will    .....                    (boots unavailable)
Stlth   +++                      (no amulet)
HPRegen 0.23/turn                (no ring)
MPRegen 0.09/turn                (no ring)

@: mighty, very quick
A: very small, no large weapons, unfitting armour, see invisible, speed 3
a: no special abilities


You were on level 3 of the Dungeon.
You visited 1 branch of the dungeon, and saw 3 of its levels.

You collected 172 gold pieces.

Inventory:

Hand Weapons
 a - a +0 rapier (weapon)
 s - a +2 dagger of flaming
Missiles
 e - 11 poisoned darts (quivered)
 m - a throwing net
Armour
 b - a +0 robe (worn)
 c - a +0 buckler (worn)
 f - a +0 cloak (worn)
Scrolls
 i - a scroll of enchant weapon
 j - 2 scrolls of poison
 k - a scroll of vulnerability {unknown}
 q - 2 scrolls of teleportation {unknown}
 r - a scroll of immolation {unknown}
 t - a scroll of enchant armour {unknown}
Potions
 d - a potion of might
 g - a potion of cancellation {unknown}
 h - 2 potions of curing
 l - a potion of heal wounds {unknown}
 o - a potion of flight {unknown}
 p - a potion of attraction {unknown}


   Skills:
 - Level 2.4 Fighting
 * Level 4.1 Short Blades
 - Level 4.0 Dodging
 * Level 4.7 Stealth
 - Level 2.1 Shields


You had 3 spell levels left.
You didn't know any spells.
Your spell library contained the following spells:

 Spells                   Type           Power      Damage    Failure   Level
 Sandblast                Erth           0%         2d4       63%         1
 Passwall                 Tmut/Erth      0%         N/A       77%         2
 Stone Arrow              Conj/Erth      0%         3d7       94%         3


Dungeon Overview and Level Annotations

Branches:
Dungeon (3/15)

Altars:
Okawaru

Annotations:
D:3 Grinder


Innate Abilities, Weirdness & Mutations

You are very small and have problems with some larger weapons.
You are too small for most types of armour.
You have supernaturally acute eyesight. (SInv)
You cover ground extremely quickly. (Speed+++)


Message History

No target in view!
No target in view!
No target in view!
No target in view!
No target in view!
No target in view!
No target in view!
Grinder is nearby!
Grinder is nearby!
You hit Grinder.
Grinder is lightly wounded.
Grinder closely misses you.
You feel very mighty all of a sudden. Grinder hits you.
You writhe in agony.
You closely miss Grinder.
Grinder is lightly wounded.
Grinder blinks!
Things that are here:
a +0 club; a kobold corpse Throw: 13 darts (poison)
Press: ? - help, Q - select action, (/) - cycle Shift-Dir - straight line, f - Grinder
Aim: Grinder (lightly wounded, 57% to hit)
You throw a poisoned dart.
The poisoned dart barely misses Grinder.
Throw: 12 darts (poison)
Press: ? - help, Q - select action, (/) - cycle Shift-Dir - straight line, f/p - Grinder
Aim: Grinder (lightly wounded, 57% to hit)
You throw a poisoned dart. The poisoned dart hits Grinder.
Grinder is lightly wounded.
Grinder blinks!
Grinder hits you.
You see here a poisoned dart.
You puncture Grinder!
Grinder is moderately wounded.
Grinder gestures at you. Pain shoots through your body!
You closely miss Grinder.
Grinder is moderately wounded.
Grinder hits you!
You die...

.# ........ ..## .#
#.###.##..# .#
........#.# .#
#.###.##...# .#
.......#.#.## .#
.##.).#..# .# .#
#...#.#.#.## ##
#...#... ...#...#
##.#.#.#...#.#@#.##
#..#...##.##.5)#..#
#.#.#.......#.#.##
####...##.###.##...#
.>.#.#)..........#.##
.##..##.###.###.##..#
####....[..........##
...##.###.###.###.##
.......##.# ### ###


You could see Grinder.

Vanquished Creatures
  3 adders
  2 worms (D:2)
  4 dart slugs
  An orc (D:3)
  7 endoplasms
  3 giant cockroaches
  5 hobgoblins
  3 jackals (D:1)
  10 kobolds
  2 quokkas
  5 ball pythons
  6 bats
  6 frilled lizards
  4 goblins
  4 rats
65 creatures vanquished.

Notes
Turn   | Place    | Note
-------+----------+-------------------------------------------
     0 | D:1      | greasedhog the Spriggan Fighter began the quest for the
                  | Orb.
     0 | D:1      | Reached XP level 1. HP: 11/11 MP: 2/2
    47 | D:1      | Reached skill level 1 in Stealth
   181 | D:1      | Reached XP level 2. HP: 16/16 MP: 3/3
   893 | D:2      | Reached XP level 3. HP: 19/19 MP: 4/4
  1437 | D:2      | Found a faded altar of an unknown god.
  1473 | D:2      | Found an iron altar of Okawaru.
  1734 | D:3      | Noticed Grinder
  1849 | D:3      | Reached XP level 4. HP: 23/23 MP: 5/5
  2299 | D:3      | Slain by Grinder

Illustrated notes

Levels and vault maps discovered:
D:1:      evilmike_arrival_fibonacci_small, layout_loops_ring
D:2:      layout_loops_ring, ebering_ecumenical_altar_petrified, basic_altar,
          minmay_door_square, nicolae_kite_square_tiling_tiny,
          kennysheep_cluttered_room, minmay_misc_feat_hallway
D:3:      minmay_chambers_of_threes, layout_rooms,
          nicolae_concentric_dashed_squares_wild, minivault_24, uniq_grinder

Skill      XL: |  1  2  3  4 |
---------------+-------------+-----
Stealth        | 2 3 4 |  4.7
Short Blades   | 3 4 |  4.1
Fighting       | |  2.4
Dodging        | |  4.0
Shields        | |  2.1

Action                   |  1- 3 |  4- 6 || total
-------------------------+-------+-------++-------
Melee: Rapier            |   152 |    74 ||   226
Throw: Dart              |       |     2 ||     2
  Use: Scroll            |     2 |     1 ||     3
       Potion            |       |     2 ||     2
 Stab: Sleeping          |     6 |     2 ||     8
Armor: Robe              |    27 |    12 ||    39
Dodge: Dodged            |   110 |    40 ||   150
Block: Buckler           |    32 |    15 ||    47

Table legend: (Time is in decaauts)
 A = Elapsed time spent in this place.
 B = Non-inter-level travel time spent in this place.
 C = Inter-level travel time spent in this place.
 D = Time resting spent in this place.
 E = Time spent auto-exploring this place.
 F = Levels seen in this place.
 G = Mean time per level.
                   A        B        C        D        E       F      G
               +--------+--------+--------+--------+--------+-----+--------+
         Total |   1626 |   1532 |     94 |    104 |    928 |   3 |  542.0 |
       Dungeon |   1626 |   1532 |     94 |    104 |    928 |   3 |  542.0 |
               +--------+--------+--------+--------+--------+-----+--------+

Top non-repeatable levels by time:
     D:2: 698 daAuts
     D:1: 575 daAuts
     D:3: 353 daAuts
